 Dungeon Crawl Stone Soup version 0.27-a0-1308-gc08437e49b (webtiles) character file.

Game seed: 8289496466053821930

19128 Sobieck the Nimble (level 12, -2/61 HPs)
             Began as a Spriggan Berserker on June 18, 2021.
             Was a High Priest of Trog.
             Slain by a jumping spider (10 damage)
             ... on level 3 of the Lair of Beasts.
             The game lasted 00:39:09 (15663 turns).

Sobieck the Nimble (Spriggan Berserker)            Turns: 15663, Time: 00:39:10

Health: -2/61      AC:  8    Str: 17    XL:     12   Next: 33%
Magic:  13/13      EV: 24    Int:  8    God:    Trog [*****.]
Gold:   744        SH:  8    Dex: 16    Spells: 11/11 levels left

rFire    + . .     SeeInvis +   a - +2 scimitar (freeze) {long}
rCold    . . .     Faith    .   s - +0 buckler
rNeg     . . .     Spirit   .   E - +0 swamp dragon scales
rPois    +         Reflect  .   (helmet restricted)
rElec    .         Harm     .   t - +0 cloak
rCorr    .         Rampage  .   (gloves unavailable)
Will     ++++.                  (boots unavailable)
Stlth    ++++......             p - amulet of regeneration {@e2}
HPRegen  2.20/turn              o - ring of protection from fire
MPRegen  0.13/turn              (no ring)

@: lethally poisoned (-2 -> -2), strong-willed, regenerating, studying Stealth,
very quick
A: very small, no large weapons, unfitting armour, see invisible, speed 3
a: Renounce Religion, Berserk, Trog's Hand, Brothers in Arms


You were on level 3 of the Lair of Beasts.
You worshipped Trog.
Trog was extremely pleased with you.
You visited 2 branches of the dungeon, and saw 15 of its levels.
You also visited: Sewer.

You collected 744 gold pieces.


Innate Abilities, Weirdness & Mutations

You are very small and have problems with some larger weapons.
You are too small for most types of armour.
You have supernaturally acute eyesight. (SInv)
You cover ground extremely quickly. (Speed+++)


   Skills:
 - Level 6.0 Fighting
 + Level 10.9 Long Blades
 - Level 14.0 Dodging
 + Level 10.2 Stealth
 + Level 7.1 Shields


You had 11 spell levels left.
You didn't know any spells.
Your spell library contained the following spells:

 Spells                   Type           Power      Damage    Failure   Level
 Animate Skeleton         Necr           0%         N/A       63%         1
 Beastly Appendage        Tmut           0%         N/A       63%         1
 Foxfire                  Conj/Fire      0%         2x1d4     63%         1
 Freeze                   Ice            0%         1d3       63%         1
 Magic Dart               Conj           0%         1d3       63%         1
 Pain                     Necr           0%         1d4       63%         1
 Searing Ray              Conj           0%         3d3       77%         2
 Sublimation of Blood     Necr           0%         N/A       77%         2
 Wereblood                Tmut           0%         N/A       77%         2
 Conjure Flame            Conj/Fire      0%         6-21      94%         3
 Dazzling Flash           Conj/Hex       0%         N/A       94%         3
 Frozen Ramparts          Ice            0%         1d2       94%         3
 Ignite Poison            Fire/Tmut/Pois 0%         N/A       94%         3
 Inner Flame              Hex/Fire       0%         N/A       94%         3
 Ozocubu's Armour         Ice            0%         N/A       94%         3
 Portal Projectile        Hex/Tloc       0%         N/A       94%         3
 Spider Form              Tmut/Pois      0%         N/A       94%         3
 Stone Arrow              Conj/Erth      0%         3d7       94%         3
 Vampiric Draining        Necr           0%         2d6       94%         3
 Animate Armour           Summ/Erth      0%         N/A       100%        4
 Animate Dead             Necr           0%         N/A       100%        4
 Fulminant Prism          Conj/Hex       0%         3d6       100%        4
 Hailstorm                Conj/Ice       0%         3d3       100%        4
 Ice Form                 Ice/Tmut       0%         N/A       100%        4
 Iskenderun's Mystic Bla  Conj/Tloc      0%         2d3       100%        4
 Petrify                  Tmut/Erth      0%         N/A       100%        4
 Sticky Flame             Conj/Fire      0%         2d3       100%        4
 Agony                    Necr           0%         N/A       100%        5
 Alistair's Intoxication  Tmut/Pois      0%         N/A       100%        5
 Blade Hands              Tmut           0%         N/A       100%        5
 Fireball                 Conj/Fire      0%         3d3       100%        5
 Irradiate                Conj/Tmut      0%         3d13      100%        5
 Metabolic Englaciation   Hex/Ice        0%         N/A       100%        5
 Eringya's Noxious Bog    Tmut/Pois      0%         N/A       100%        6
 Statue Form              Tmut/Erth      0%         N/A       100%        6
 Dragon Form              Tmut           0%         N/A       100%        7
 Storm Form               Tmut/Air       0%         N/A       100%        7
 Disjunction              Tloc           0%         N/A       100%        8

Inventory:

Hand Weapons
 a - a +2 scimitar of freezing (weapon) {long}
   (You acquired it on level 7 of the Dungeon)
 b - a +0 hunting sling {sling}
   (You took it off a goblin on level 3 of the Dungeon)
 j - a +0 long sword of distortion {!wlong}
   (You took it off an orc warrior on level 9 of the Dungeon)
 r - a +3 trident of flaming {polearm}
   (You took it off a gnoll sergeant on level 9 of the Dungeon)
 D - a +1 morningstar of distortion {!wmace}
   (You took it off Maggie on level 6 of the Dungeon)
 I - a +1 scimitar of flaming {long}
   (You took it off Erica on level 1 of the Lair of Beasts)
Missiles
 c - 434 stones {throwing}
 m - 41 poisoned darts (quivered) {throwing}
 q - 180 arrows
 x - 58 sling bullets
 L - 63 bolts
 O - a curare-tipped dart {=fthrowing}
 P - 8 boomerangs {throwing}
Armour
 s - a +0 buckler (worn)
   (You found it on level 1 of the Dungeon)
 t - a +0 cloak (worn)
   (You found it on level 10 of the Dungeon)
 E - +0 swamp dragon scales (worn)
   (You took it off Maggie on level 6 of the Dungeon)
Jewellery
 i - a ring of protection from fire
   (You found it on level 9 of the Dungeon)
 k - a ring of fire
   (You found it on level 2 of the Dungeon)
 o - a ring of protection from fire (left hand)
   (You found it on level 3 of the Dungeon)
 p - an amulet of regeneration (around neck) {@e2}
   (You found it on level 3 of the Dungeon)
Wands
 d - a wand of flame (14)
   (You took it off Robin on level 4 of the Dungeon)
 H - a wand of polymorph (11)
   (You found it on level 1 of the Lair of Beasts)
 K - a wand of digging (6)
   (You found it on level 2 of the Lair of Beasts)
 Q - a wand of iceblast (6)
   (You found it on level 8 of the Dungeon)
Scrolls
 e - a scroll of blinking {!r}
 g - 5 scrolls of teleportation {@r4}
 u - a scroll of magic mapping {!r}
 w - 2 scrolls of vulnerability {!r!r}
 y - 3 scrolls of fog
 C - 3 scrolls of fear
Potions
 f - a potion of degeneration {!q@e2}
 l - 2 potions of ambrosia
 n - a potion of flight
 v - a potion of magic
 z - a potion of mutation {!q}
 A - a potion of curing {@q1}
 B - a potion of heal wounds {@q2}
 F - a potion of might
 G - 2 potions of attraction {!q}
 J - a potion of lignification {unknown}
 M - 3 potions of resistance
Miscellaneous
 h - a phantom mirror
   (You found it on level 9 of the Dungeon)

Dungeon Overview and Level Annotations

Branches:
Dungeon (11/15)            Temple (0/1) D:5            Lair (4/6) D:8
  Swamp (0/4) Lair:2          Orc (0/2) D:9           Sewer (visited)
  Snake: Lair:2-4    Spider: Lair:2-4

Altars:
Fedhas
Hepliaklqana
Kikubaaqudgha
Okawaru
Uskayaw
Beogh

Shops:
D:3 (   D:8 *   D:10 =

Annotations:
Lair:2 exclusion: 2 oklob plants

# # #≈≈≈≈≈≈≈≈≈
## .#. ##
#.≈≈≈≈.≈≈≈
.###.###.
#.≈≈≈.<≈≈≈
.#...#.
#.≈≈≈≈.≈≈≈
^...^
##≈≈≈≈≈≈≈≈≈
#...#
#≈..≈≈≈≈≈≈≈
#...#
#P..≈≈≈≈≈≈≈ .#
###†s##
##...≈.≈...
...# #...#@#
#..#P≈.##.
....# ###..###
#.......##
#....P #...##
##.#.##.##
#.....####P..#
#####...#
#...........P#
#..##
#.....#...####
##.##
.......#.##
#...#
...#...##
##..P
...##...##
#<.#


You could see a jumping spider.


Message History

There is a stone staircase leading up here.
You climb upwards.
There is a stone staircase leading down here.
A jumping spider comes into view.
The jumping spider hisses angrily.
A jumping spider comes into view.
A redback comes into view.
The jumping spider leaps!
The jumping spider hisses angrily.
You slash the jumping spider! You freeze the jumping spider.
The jumping spider closely misses you. The jumping spider bites you.
The jumping spider completely misses you.
The jumping spider bites you but does no damage. 😕 HP[-4]
You take 4 damage, and now have 57/61 hp.
You slash the jumping spider! You freeze the jumping spider.
You block the jumping spider's attack.
The jumping spider bites you but does no damage. 😕 HP[+1]
You closely miss the jumping spider.
The jumping spider pounces on you but does no damage.
You block the jumping spider's attack. x3 😕 HP[+1]
You slash the jumping spider! You freeze the jumping spider.
The jumping spider closely misses you. You block the jumping spider's attack.
The redback completely misses you.
You riposte.
You slash the redback! You freeze the redback. 😕 HP[+1]
You slash the jumping spider! You freeze the jumping spider.
You kill the jumping spider!
Trog accepts your kill. The jumping spider misses you.
You block the jumping spider's attack. The redback completely misses you.
The jumping spider closely misses you.
The jumping spider bites you but does no damage. 😎 HP[+1]
Your hp is fully restored (61).
You hit the redback but do no damage. The redback bites you.
The jumping spider leaps! 😕 HP[-3]
You take 3 damage, and now have 58/61 hp.
You slash the redback! You freeze the redback. The redback bites you! 😕 HP[-11]
You take 11 damage, and now have 47/61 hp.
You barely miss the redback. You block the redback's attack.
The redback bites you! 😮 HP[-9]
You take 9 damage, and now have 38/61 hp.
You are too injured to fight recklessly!
You are too injured to fight recklessly!
You are too injured to fight recklessly! 😮 HP[+1]
You miss the redback. The redback bites you!
You are poisoned.
The redback poisons you! 😮 HP[-6]
You take 6 damage, and now have 33/61 hp.
You miss the redback.
You feel very sick.
The redback completely misses you. 😨 HP[-5]
You take 5 damage, and now have 28/61 hp.
You hit the redback but do no damage.
You feel very sick.
The redback bites you but does no damage.
The jumping spider leaps!
The redback completely misses you.
You riposte.
You barely miss the redback. 😨 HP[-4]
You take 4 damage, and now have 24/61 hp.
Unknown command.
You slice the redback!! You freeze the redback.
You kill the redback!
Trog accepts your kill.
You feel very sick. 😨 HP[-3]
You take 3 damage, and now have 21/61 hp.
You start resting.
You feel very sick. x3
You feel sick.
A jumping spider is nearby! 😱 HP[-6]
You take 6 damage, and now have 15/61 hp.
You barely miss the jumping spider.
You feel sick. The jumping spider barely misses you.
You riposte.
You closely miss the jumping spider. The jumping spider misses you.
Unknown command.
You slash the jumping spider! You freeze the jumping spider.
You feel sick. The jumping spider closely misses you.
You riposte.
You miss the jumping spider. The jumping spider bites you.
* * * LOW HITPOINT WARNING * * *
The jumping spider misses you.
You riposte.
Your swamp dragon scales prevents you from hitting the jumping spider.
The jumping spider bites you.
* * * LOW HITPOINT WARNING * * *
😱 HP[-8]
You take 8 damage, and now have 7/61 hp.
Unknown command.
Your skin crawls.
You feel strong-willed.
You feel sick. The jumping spider pounces on you!
You die...

Skill      XL: |  1  2  3  4  5  6  7  8  9 10 11 12 |
---------------+-------------------------------------+-----
Fighting       | 3 4 5 6 |  6.0
Long Blades    | 3 4 5 6 7 8 10 | 10.9
Dodging        | 5 6 8 9 12 13 14 | 14.0
Shields        | 1 3 6 7 |  7.1
Stealth        | 8 10 | 10.2

Action                   |  1- 3 |  4- 6 |  7- 9 | 10-12 || total
-------------------------+-------+-------+-------+-------++-------
Melee: Falchion          |   105 |   122 |   164 |       ||   391
       Long sword        |       |       |   280 |    19 ||   299
       Scimitar          |       |       |       |   581 ||   581
 Fire: Hunting sling     |       |    28 |   120 |   113 ||   261
Throw: Stone             |    20 |       |       |       ||    20
       Dart              |     7 |     2 |     5 |    15 ||    29
Invok: Berserk           |     5 |     6 |    14 |    13 ||    38
       Trog's Hand       |       |       |     2 |     2 ||     4
Evoke: Wand              |       |       |       |     4 ||     4
  Use: Scroll            |       |     6 |     2 |    14 ||    22
       Potion            |       |     1 |     5 |       ||     6
 Stab: Sleeping          |       |     1 |       |     3 ||     4
       Distracted        |       |       |       |     1 ||     1
Armor: Animal skin       |     7 |     4 |    15 |       ||    26
       Swamp dragon scal |       |       |    46 |    92 ||   138
Dodge: Dodged            |    84 |   104 |   451 |   495 ||  1134
Block: Buckler           |    12 |    35 |   137 |   207 ||   391
       Rpst.: Falchion   |    28 |    22 |    44 |       ||    94
       Long sword        |       |       |    90 |     7 ||    97
       Scimitar          |       |       |       |   142 ||   142

Levels and vault maps discovered:
D:1:      heliophobic_arrival_glass_houses, layout_loops_ring,
          shapermc_ecumenical_altar_flowoftime, st_stairs_7, minivault_27
D:2:      layout_loops_corners, basic_altar
D:3:      layout_basic, serial_shops, shop, st_stairs_4
D:4:      layout_loops_ring, kennysheep_orc_chapel, uniq_robin
D:5:      layout_basic, minmay_temple_entry_antechambers, serial_park_tiny_1,
          bh_walls_and_bars, uniq_duvessa, uniq_menkaure
D:6:      layout_basic, gup_sewer_entry_pipe, uniq_maggie
D:7:      wad_crossroads, layout_cave_pools, uniq_joseph
D:8:      layout_basic, grunt_temple_overflow_open, lair_entry_dummy,
          serial_co_window_serial, co_window_corner_a,
          co_window_of_opportunity_a, co_window_corner_a, co_window_paths_b,
          co_window_of_opportunity_a, co_window_paths_c, co_window_2corner,
          co_window_broadway_c, co_window_corner_cb, co_window_paths_c,
          co_window_paths_c, co_window_4corner_b, co_window_4corner_a,
          glass_columns_a, glass_columns_a, glass_columns_a, serial_shops,
          nicolae_stop_n_shop_1, chequers_serial_rivers_micro_d
D:9:      layout_roguey, david_orc_3, kennysheep_generic_room_10
D:10:     cheibrodos_wizards_tower, layout_loops_cross, serial_shops, shop,
          minmay_librarian
D:11:     layout_cave_pools, maelrawn_ghost_gauntlet_escape,
          nicolae_shop_firing_range
Lair:1:   layout_misc_corridors, cheibrodos_lair_reptile_den,
          grunt_megastairs_5, uniq_erica
Lair:2:   layout_cave_pods, swamp_mist_pool, hangedman_tree_tricks,
          st_stairs_11, serial_bayou_crossing
Lair:3:   layout_cave_pods, nicolae_spider_entry_tight_spaces,
          infiniplex_staircase_pool_2
Lair:4:   minmay_lair_oklob_tunnel, layout_cave_pods, basic_altar,
          grunt_megastairs_2, infiniplex_staircase_pool, serial_bayou_shore_a

Notes
Turn   | Place    | Note
-------+----------+-------------------------------------------
     0 | D:1      | Sobieck the Spriggan Berserker began the quest for the Orb.
     0 | D:1      | Reached XP level 1. HP: 11/11 MP: 2/2
     0 | D:1      | magus.rc [v1.9.6]
   157 | D:1      | Reached XP level 2. HP: 10/16 MP: 3/3
   767 | D:1      | Reached XP level 3. HP: 8/19 MP: 4/4
  1362 | D:1      | Found a faded altar of an unknown god.
  2429 | D:2      | Found a hide-covered altar of Uskayaw.
  2463 | D:2      | Reached skill level 3 in Fighting
  2463 | D:2      | Reached skill level 3 in Long Blades
  2866 | D:3      | You pick up a book of Changes {forbidden} and begin
                  | reading...
  2866 | D:3      | You add the spells Beastly Appendage, Wereblood, Spider
                  | Form and Ice Form to your library.
  2910 | D:3      | Reached skill level 5 in Dodging
  2926 | D:3      | Found Jibran's Antique Weapon Emporium.
  2937 | D:3      | Noticed an ogre
  2982 | D:3      | Killed an ogre
  2983 | D:3      | Reached XP level 4. HP: 24/24 MP: 5/5
  2983 | D:3      | Reached XP level 5. HP: 28/28 MP: 6/6
  3177 | D:3      | Reached ** piety under Trog
  3516 | D:3      | You pick up a book of Frost {forbidden} and begin
                  | reading...
  3516 | D:3      | You add the spells Freeze, Frozen Ramparts, Ozocubu's
                  | Armour, Hailstorm and Metabolic Englaciation to your
                  | library.
  3913 | D:4      | Reached skill level 6 in Dodging
  3923 | D:4      | Noticed Robin
  3933 | D:4      | Killed Robin
  3934 | D:4      | Reached XP level 6. HP: 33/33 MP: 7/7
  3956 | D:5      | Entered Level 5 of the Dungeon
  4113 | D:4      | Reached skill level 4 in Fighting
  4174 | D:4      | Reached skill level 4 in Long Blades
  4214 | D:4      | HP: 3/33 [orc priest/divine providence (14)]
  4225 | D:4      | HP: 6/33 [orc priest/divine providence (11)]
  4500 | D:4      | Reached XP level 7. HP: 38/38 MP: 8/8
  4658 | D:4      | Reached skill level 7 in Dodging
  4692 | D:4      | Reached *** piety under Trog
  5299 | D:5      | You pick up a book of Frost {forbidden} and begin
                  | reading...
  5382 | D:5      | Noticed Dowan
  5382 | D:5      | Noticed Duvessa
  5395 | D:5      | Killed Duvessa
  5410 | D:5      | Killed Dowan
  5554 | D:5      | Found a staircase to the Ecumenical Temple.
  5585 | D:6      | Reached skill level 5 in Fighting
  5611 | D:6      | Reached skill level 5 in Long Blades
  5611 | D:6      | Reached skill level 8 in Dodging
  5847 | D:5      | Reached XP level 8. HP: 43/43 MP: 9/9
  5941 | D:5      | Noticed Menkaure
  5950 | D:5      | Killed Menkaure
  6129 | D:6      | Found a glowing drain.
  6147 | Sewer    | Entered a sewer
  6349 | Sewer    | Found a white marble altar of Elyvilon.
  6552 | D:6      | Reached skill level 9 in Dodging
  6923 | D:6      | Noticed Maggie
  6949 | D:6      | Killed Maggie
  6950 | D:6      | Reached skill level 6 in Fighting
  6950 | D:6      | Reached skill level 6 in Long Blades
  7158 | D:6      | Reached XP level 9. HP: 48/48 MP: 10/10
  7218 | D:6      | Reached skill level 10 in Dodging
  7551 | D:7      | Noticed Joseph
  7618 | D:7      | Killed Joseph
  7698 | D:7      | Reached **** piety under Trog
  7710 | D:8      | Found Hutuat's General Store.
  7769 | D:7      | Reached skill level 7 in Long Blades
  7804 | D:6      | Reached skill level 11 in Dodging
  7874 | D:7      | You pick up a book of Conjurations {forbidden@e2} and begin
                  | reading...
  7874 | D:7      | You add the spells Magic Dart, Searing Ray, Dazzling Flash,
                  | Fulminant Prism and Iskenderun's Mystic Blast to your
                  | library.
  8744 | D:7      | Reached skill level 12 in Dodging
  8873 | D:8      | Found an iron altar of Okawaru.
  9005 | D:8      | Reached skill level 1 in Shields
  9010 | D:8      | Reached XP level 10. HP: 53/53 MP: 11/11
  9015 | D:8      | Reached skill level 8 in Long Blades
  9093 | D:8      | Noticed a two-headed ogre
  9126 | D:8      | Killed a two-headed ogre
  9127 | D:8      | Reached skill level 2 in Shields
  9169 | D:8      | Found a hazy altar of Hepliaklqana.
  9169 | D:8      | Found an ancient bone altar of Kikubaaqudgha.
  9174 | D:8      | Found a blossoming altar of Fedhas.
  9472 | D:8      | Found a staircase to the Lair.
  9524 | D:7      | Identified a scroll of acquirement
  9524 | D:7      | Acquired a +0 scimitar of protection
  9961 | D:8      | Reached skill level 1 in Stealth
  9978 | D:8      | Reached skill level 2 in Stealth
 10491 | D:9      | Reached skill level 3 in Stealth
 10613 | D:9      | Found a staircase to the Orcish Mines.
 10657 | D:9      | Reached skill level 4 in Stealth
 10758 | D:10     | Entered Level 10 of the Dungeon
 10903 | D:9      | Reached skill level 5 in Stealth
 10978 | D:9      | Reached skill level 3 in Shields
 10989 | D:9      | Reached skill level 13 in Dodging
 10989 | D:9      | Reached skill level 6 in Stealth
 11026 | D:9      | Reached skill level 7 in Stealth
 11114 | D:9      | Reached skill level 8 in Stealth
 11132 | D:9      | Reached XP level 11. HP: 56/56 MP: 12/12
 11137 | D:9      | Reached ***** piety under Trog
 11153 | D:9      | Reached skill level 9 in Long Blades
 11395 | D:9      | Reached skill level 9 in Stealth
 11731 | D:10     | Found Zossucast's Jewellery Boutique.
 11834 | D:10     | Noticed an orc sorcerer
 11852 | D:10     | Killed an orc sorcerer
 11853 | D:10     | Reached skill level 4 in Shields
 11871 | D:10     | Identified the Guide on the Earthen Compass
 11872 | D:10     | You add the spells Stone Arrow, Portal Projectile, Animate
                  | Armour and Disjunction to your library.
 11962 | D:10     | Noticed a necromancer
 11979 | D:10     | Killed a necromancer
 11980 | D:10     | Reached skill level 10 in Stealth
 12114 | D:10     | You pick up a book of Flames {forbidden} and begin
                  | reading...
 12114 | D:10     | You add the spells Foxfire, Conjure Flame, Inner Flame,
                  | Sticky Flame and Fireball to your library.
 12122 | D:10     | You pick up a book of Alchemy {forbidden} and begin
                  | reading...
 12122 | D:10     | You add the spells Sublimation of Blood, Ignite Poison,
                  | Petrify, Alistair's Intoxication, Irradiate and Eringya's
                  | Noxious Bog to your library.
 12145 | D:10     | You pick up a book of Necromancy {forbidden} and begin
                  | reading...
 12145 | D:10     | You add the spells Pain, Animate Skeleton, Vampiric
                  | Draining, Animate Dead and Agony to your library.
 12296 | D:10     | You pick up a book of Necromancy {forbidden} and begin
                  | reading...
 12573 | D:11     | Noticed a boulder beetle
 12697 | Lair:1   | Entered Level 1 of the Lair of Beasts
 12908 | Lair:1   | HP: 14/56 [yak (11)]
 12933 | D:8      | Reached skill level 14 in Dodging
 13012 | Lair:1   | Reached skill level 5 in Shields
 13213 | Lair:1   | Noticed a seven-headed hydra
 13569 | Lair:1   | Reached skill level 10 in Long Blades
 13675 | Lair:1   | Noticed Erica
 13702 | Lair:1   | Killed Erica
 13703 | Lair:1   | Reached skill level 6 in Shields
 13905 | D:8      | HP: 10/56 [three-headed hydra (7)]
 13906 | D:8      | Killed a two-headed hydra
 13907 | D:8      | Reached XP level 12. HP: 12/61 MP: 13/13
 14755 | Lair:2   | You pick up a book of Transfigurations {forbidden@e2} and
                  | begin reading...
 14755 | Lair:2   | You add the spells Blade Hands, Statue Form, Storm Form and
                  | Dragon Form to your library.
 14876 | Lair:2   | Found a staircase to the Swamp.
 14903 | Lair:2   | Noticed a four-headed hydra
 14915 | Lair:2   | Killed a one-headed hydra
 15210 | Lair:3   | Reached skill level 7 in Shields
 15382 | Lair:2   | Found a blossoming altar of Fedhas.
 15660 | Lair:3   | HP: 15/61 [poisoned by a redback]
 15662 | Lair:3   | HP: 7/61 [jumping spider (4)]
 15663 | Lair:3   | Slain by a jumping spider

Vanquished Creatures
  2 hydras
  Erica (Lair:1)
  A two-headed ogre (D:8)
  A necromancer (D:10)
  An orc sorcerer (D:10)
  A manticore (D:11)
  Joseph (D:7)
  Maggie (D:6)
  3 cane toads (Lair:1)
  10 komodo dragons
  A jumping spider (Lair:3)
  A hornet (D:9)
  A polar bear (Lair:1)
  A redback (Lair:3)
  30 yaks
  2 wyverns
  A basilisk (Lair:1)
  A wraith (D:10)
  Menkaure (D:5)
  A warg (D:9)
  3 water moccasins
  3 orc warriors
  Duvessa (D:5)
  A hornet zombie (D:7)
  2 ice beasts (D:7)
  A sky beast (D:6)
  A black bear (D:4)
  2 ogres
  8 wolves (Lair:2)
  A centaur (D:8)
  2 phantoms (D:6)
  2 kobold brigands
  5 bullfrogs
  3 gnoll sergeants
  Dowan (D:5)
  A water moccasin skeleton (D:4)
  15 killer bees
  9 wights
  3 howler monkeys (D:10)
  4 centaur zombies
  6 hounds
  2 jellies
  2 centaur skeletons
  3 iguanas (D:6)
  5 orc priests
  A bullfrog skeleton (D:5)
  A gnoll shaman (D:7)
  6 orc wizards
  A howler monkey zombie (D:9)
  Robin (D:4)
  2 howler monkey skeletons
  18 gnolls
  9 adders
  2 river rats (Sewer)
  A shadow imp (D:5)
  A white imp (D:7)
  3 ufetubi
  An adder skeleton (D:5)
  A worm (D:2)
  2 dart slugs
  24 orcs
  A ball python (D:1)
  4 endoplasms
  8 giant cockroaches
  15 goblins
  10 hobgoblins
  10 jackals
  6 quokkas
  5 bats
  A frilled lizard (D:1)
  11 kobolds
  5 rats
298 creatures vanquished.

Vanquished Creatures (others)
  An orc wizard (D:6)
  A goblin (D:4)
  3 fungi (Lair:1)
  8 plants
13 creatures vanquished.

Grand Total: 311 creatures vanquished

Table legend:
 A = Non-vault XP
 B = Vault XP
 C = Vault XP percentage of total XP
 D = Non-vault monster count
 E = Vault monster count
 F = Vault count percentage of total count
                 A         B        C        D         E       F
            +---------+---------+-------+---------+---------+-------
      Total |   20305 |    7022 |  25.7 |     233 |      67 |  22.3
            +---------+---------+-------+---------+---------+-------
        D:1 |      29 |       3 |   9.4 |      16 |       2 |  11.1
        D:2 |      50 |       0 |   0.0 |      13 |       0 |   0.0
        D:3 |     195 |       8 |   3.9 |      18 |       4 |  18.2
        D:4 |     475 |     161 |  25.3 |      22 |      16 |  42.1
        D:5 |     161 |     383 |  70.4 |      10 |       3 |  23.1
        D:6 |    1116 |     446 |  28.6 |      29 |      10 |  25.6
        D:7 |    1276 |     743 |  36.8 |      29 |       5 |  14.7
        D:8 |    2454 |     951 |  27.9 |      16 |       1 |   5.9
        D:9 |    3999 |     370 |   8.5 |      32 |       6 |  15.8
       D:10 |     731 |    1203 |  62.2 |      10 |       2 |  16.7
       D:11 |     526 |       0 |   0.0 |       1 |       0 |   0.0
     Lair:1 |    5882 |    1838 |  23.8 |      22 |       4 |  15.4
     Lair:2 |    2207 |     238 |   9.7 |      10 |       2 |  16.7
     Lair:3 |    1204 |     543 |  31.1 |       5 |       2 |  28.6
      Sewer |       0 |     135 | 100.0 |       0 |      10 | 100.0
            +---------+---------+-------+---------+---------+-------

Illustrated notes

Table legend:
 A = Kills in this place as a percentage of kills in entire the game.
 B = Kills by you in this place as a percentage of kills by you in the entire game.
 C = Kills by friends in this place as a percentage of kills by friends in the entire game.
 D = Other kills in this place as a percentage of other kills in the entire game.
 E = Experience gained in this place as a percentage of experience gained in the entire game.
 F = Experience gained in this place divided by the number of levels of this place that you have seen.
                   A       B       C       D       E      F
               +-------+-------+-------+-------+-------+----------------------
         Total | 100.0 | 100.0 |   N/A | 100.0 | 100.0 | 1707.9
       Dungeon |  81.7 |  81.5 |   N/A | 100.0 |  55.9 | 1389.1
          Lair |  15.0 |  15.1 |   N/A |   0.0 |  43.6 | 2978.0
         Sewer |   3.3 |   3.4 |   N/A |   0.0 |   0.5 | 135.0
               +-------+-------+-------+-------+-------+----------------------

Table legend: (Time is in decaauts)
 A = Elapsed time spent in this place.
 B = Non-inter-level travel time spent in this place.
 C = Inter-level travel time spent in this place.
 D = Time resting spent in this place.
 E = Time spent auto-exploring this place.
 F = Levels seen in this place.
 G = Mean time per level.
                   A        B        C        D        E       F      G
               +--------+--------+--------+--------+--------+-----+--------+
         Total |  12019 |  11301 |    718 |   2355 |   5895 |  16 |  751.2 |
       Dungeon |   9753 |   9155 |    598 |   1870 |   4871 |  11 |  886.6 |
          Lair |   1989 |   1870 |    119 |    375 |    974 |   4 |  497.2 |
         Sewer |    277 |    277 |      0 |    109 |     49 |   1 |  277.0 |
               +--------+--------+--------+--------+--------+-----+--------+

Top non-repeatable levels by time:
     D:1: 1452 daAuts
  Lair:1: 1282 daAuts
     D:8: 1276 daAuts
     D:6: 1204 daAuts
     D:4: 954 daAuts
     D:7: 923 daAuts
     D:9: 870 daAuts
     D:2: 799 daAuts
    D:10: 769 daAuts
     D:3: 752 daAuts
     D:5: 687 daAuts
  Lair:2: 608 daAuts
   Sewer: 277 daAuts
  Lair:3: 95 daAuts
    D:11: 63 daAuts
